 Dungeon Crawl Stone Soup version 0.30-a0-718-geaa24f58ff (webtiles) character file.

Game seed: 12240322388936544522

15667 drugrobin the Brawler (level 11, -9/94 HPs)
             Began as a Demigod Delver on Jan 26, 2023.
             Mangled by a six-headed hydra (12 damage)
             ... on level 2 of the Lair of Beasts.
             The game lasted 00:48:27 (14899 turns).

drugrobin the Brawler (Demigod Delver)             Turns: 14899, Time: 00:48:28

Health: -9/94      AC: 14    Str: 21    XL:     11   Next: 72%
Magic:  14/14      EV:  8    Int: 12    God:
Gold:   168        SH:  0    Dex: 19    Spells: 10/10 levels left

rFire   . . .      SeeInvis .      - Unarmed
rCold   + . .      Faith    .    (no shield)
rNeg    . . .      Spirit   .    R - +2 chain mail of the Onion {+Blink Regen+}
rPois   +          Reflect  .    v - +0 helmet
rElec   .          Harm     .    u - +0 cloak
rCorr   .          Rampage  .    E - +0 pair of gloves
Will    +....                    B - +0 pair of boots Stlth
                                 (no amulet)
HPRegen 1.15/turn                a - ring of protection from cold
MPRegen 0.14/turn                q - ring of poison resistance

@: mighty
A: high MP 1, forlorn, divine attributes
a: Evoke Blink


You were on level 2 of the Lair of Beasts.
You visited 2 branches of the dungeon, and saw 12 of its levels.
You also visited: Bailey.

You collected 567 gold pieces.
You spent 399 gold pieces at shops.

Inventory:

Hand Weapons
 b - a +0 sling
 c - a +1 dagger of venom
 d - a +0 dagger of draining
Missiles
 g - 5 javelins
 z - 24 poisoned darts
 I - 2 silver javelins
 L - 6 boomerangs (quivered)
 X - a curare-tipped dart
Armour
 u - a +0 cloak (worn)
 v - a +0 helmet (worn)
 B - a +0 pair of boots (worn)
 E - a +0 pair of gloves (worn)
 R - the +2 chain mail of the Onion (worn) {+Blink Regen+}
   (You bought it in a shop on level 2 of the Dungeon)

   +Blink:    It lets you blink.
   Regen:     It increases your rate of health regeneration.
Jewellery
 a - a ring of protection from cold (left hand)
 h - a ring of willpower
 j - a ring of willpower
 q - a ring of poison resistance (right hand)
 Y - a ring of protection from fire
Wands
 f - a wand of digging (1)
 k - a wand of polymorph (2)
 m - a wand of mindburst (7)
 C - a wand of roots (6)
 W - a wand of flame (17)
Scrolls
 i - 9 scrolls of fog
 o - 3 scrolls of vulnerability
 r - 3 scrolls of magic mapping
 s - 4 scrolls of enchant armour {unknown}
 w - 8 scrolls of teleportation
 x - 3 scrolls of poison {unknown}
 y - a scroll of summoning {unknown}
 A - 2 scrolls of torment
 J - a scroll of amnesia {unknown}
 K - a scroll of enchant weapon
Potions
 e - a potion of lignification
 l - 4 potions of attraction
 n - 2 potions of flight {unknown}
 t - 4 potions of might
 D - a potion of magic {unknown}
 F - 4 potions of curing
 G - a potion of resistance {unknown}
 H - a potion of brilliance {unknown}
 O - 3 potions of heal wounds
 P - 2 potions of haste
 Q - 3 potions of cancellation
 T - a potion of degeneration {unknown}
Miscellaneous
 V - a phial of floods


   Skills:
 + Level 8.0 Fighting
 - Level 1.7 Dodging
 - Level 4.5 Stealth
 * Level 16.3 Unarmed Combat


You had 10 spell levels left.
You didn't know any spells.
Your spell library contained the following spells:

 Spells                   Type           Power      Damage    Failure   Level
 Foxfire                  Conj/Fire      0%         2x1d4     98%         1
 Sting                    Tmut/Pois      0%         1d3       98%         1
 Lesser Beckoning         Tloc           0%         N/A       99%         2
 Poisonous Vapours        Pois/Air       0%         N/A       99%         2
 Sublimation of Blood     Necr           0%         N/A       99%         2
 Wereblood                Tmut           0%         N/A       99%         2
 Gell's Gravitas          Tloc           0%         N/A       100%        3
 Hailstorm                Conj/Ice       0%         3d3       100%        3
 Summon Guardian Golem    Hex/Summ       0%         N/A       100%        3
 Teleport Other           Tloc           0%         N/A       100%        3
 Ice Form                 Ice/Tmut       0%         N/A       100%        4
 Olgreb's Toxic Radiance  Pois           0%         N/A       100%        4
 Fireball                 Conj/Fire      0%         3d3       100%        5
 Freezing Cloud           Conj/Ice/Air   0%         6-21      100%        5
 Simulacrum               Ice/Necr       0%         N/A       100%        6
 Starburst                Conj/Fire      0%         6d3       100%        6
 Orb of Destruction       Conj           0%         9d5       100%        7
 Spellforged Servitor     Conj/Summ      0%         N/A       100%        7
 Summon Hydra             Summ           0%         N/A       100%        7
 Polar Vortex             Ice            0%         N/A       100%        9


Dungeon Overview and Level Annotations

Branches:
Dungeon (10/15)            Temple (0/1) D:7            Lair (2/5) D:10
    Orc (0/2) D:9          Bailey (visited)
  Swamp: Lair:2-3    Shoals: Lair:2-3     Snake: Lair:2-3    Spider: Lair:2-3

Shops:
D:2 [   D:9 =

Annotations:
D:8 2 transporters


Innate Abilities, Weirdness & Mutations

You have an increased reservoir of magic. (+10% MP)
You shall have no god before yourself.
Your divine heritage dramatically boosts your attributes as you level up.


Message History

Unknown command.
The six-headed hydra bites you. x3; The six-headed hydra barely misses you.
The six-headed hydra bites you! x2
Unknown command.
Unknown command.
Unknown command.
Unknown command.
Unknown command.
Unknown command.
Unknown command.
Unknown command.
You feel very mighty all of a sudden. The six-headed hydra bites you! x2
The six-headed hydra bites you but does no damage. x3
The six-headed hydra bites you.
Unknown command.
Unknown command.
Unknown command.
You punch the six-headed hydra!
The six-headed hydra is lightly wounded.
The six-headed hydra bites you.
The six-headed hydra bites you but does no damage.
The six-headed hydra bites you! The six-headed hydra bites you.
The six-headed hydra bites you!
* * * LOW HITPOINT WARNING * * *
The six-headed hydra bites you but does no damage.
Unknown command.
Unknown command.
Unknown command.
Unknown command.
Unknown command.
You punch the six-headed hydra! x2
The six-headed hydra is heavily wounded.
The six-headed hydra bites you!
* * * LOW HITPOINT WARNING * * *
The six-headed hydra bites you!
* * * LOW HITPOINT WARNING * * *
The six-headed hydra bites you but does no damage. x2
The six-headed hydra bites you!
You die...

#..............#.#...†.#
#..#....#P.............#
#..####..#..........8...†
##. ##.#...........)...#
.. #....+.....#.##.##.#
##. #..##.....P##......#
#. #.#.##.....##.##..##
.. ##.##.......#.......#
#. #..F@PP........~..##.
#.....!D.....~~~≈~~..###
#..........[.~≈≈≈≈~≈~...
#...........~~≈≈~≈≈≈~...
#..........~≈≈~~.~~≈~...
#..........~≈≈~.>.~≈~...
#...#.####.~~≈~~.~~~~~..
#...## #.~≈≈≈≈≈≈~~.#.
~~≈~≈≈~~.##


You could see a six-headed hydra and a cane toad.

Vanquished Creatures
  A two-headed ogre (D:8)
  Pikel (D:7)
  An orc knight (Bailey)
  A cyclops (D:8)
  2 black mambas (Lair:1)
  4 gargoyles (D:9)
  A cane toad (Lair:2)
  Psyche (D:9)
  2 komodo dragons
  2 trolls
  Prince Ribbit (D:9)
  A wraith (D:10)
  3 shadows
  3 wyverns
  24 yaks
  A steam dragon (D:7)
  Menkaure (D:7)
  A warg (D:8)
  2 acid dragons
  2 water moccasins (Lair:1)
  A black bear (D:7)
  4 orc warriors
  2 ogres
  5 wolves (Lair:1)
  3 centaurs
  2 lemures (D:6)
  3 phantoms (D:5)
  4 kobold brigands
  6 bullfrogs
  4 necrophages
  4 scorpions
  15 wights
  A killer bee (D:9)
  4 howler monkeys
  3 gnoll boudas
  6 hounds
  7 orc priests
  3 iguanas
  9 orc wizards
  Robin (D:3)
  33 gnolls
  6 adders
  A white imp (D:6)
  6 dart slugs
  57 orcs
  5 ball pythons
  5 endoplasms
  14 goblins
  11 hobgoblins
  8 jackals
  3 quokkas
  3 bats
  3 frilled lizards
  17 kobolds
  5 rats
319 creatures vanquished.

Vanquished Creatures (others)
  6 fungi (Lair:2)
  39 plants
45 creatures vanquished.

Grand Total: 364 creatures vanquished

Notes
Turn   | Place    | Note
-------+----------+-------------------------------------------
     0 | D:5      | drugrobin the Demigod Delver began the quest for the Orb.
     0 | D:5      | Reached XP level 1. HP: 18/18 MP: 3/3
    10 | D:5      | Noticed an iguana
    18 | D:5      | Noticed an iguana
   148 | D:5      | Noticed an orc wizard
   254 | D:4      | Reached skill level 2 in Unarmed Combat
   414 | D:3      | Reached XP level 2. HP: 18/25 MP: 4/4
   482 | D:3      | Reached skill level 3 in Unarmed Combat
   807 | D:1      | Reached XP level 3. HP: 30/30 MP: 5/5
  2029 | D:2      | Reached skill level 4 in Unarmed Combat
  2128 | D:2      | Found Mapaun's Armour Emporium.
  2188 | D:2      | Reached XP level 4. HP: 21/37 MP: 6/6
  2375 | D:3      | Noticed Robin
  2704 | D:4      | Reached skill level 5 in Unarmed Combat
  2704 | D:4      | Reached XP level 5. HP: 34/42 MP: 7/7
  3691 | D:3      | Reached skill level 6 in Unarmed Combat
  3697 | D:3      | Killed Robin
  3934 | D:5      | Reached XP level 6. HP: 7/50 MP: 8/8
  4324 | D:5      | Reached skill level 7 in Unarmed Combat
  4851 | D:5      | Reached XP level 7. HP: 54/56 MP: 9/9
  5056 | D:5      | Reached skill level 8 in Unarmed Combat
  5469 | D:6      | Reached skill level 9 in Unarmed Combat
  5595 | D:6      | Reached XP level 8. HP: 45/62 MP: 10/10
  6476 | D:7      | Reached skill level 10 in Unarmed Combat
  6758 | D:7      | Found a staircase to the Ecumenical Temple.
  6960 | D:7      | Noticed Menkaure
  6976 | D:7      | Killed Menkaure
  6977 | D:7      | Reached skill level 11 in Unarmed Combat
  7159 | D:7      | Noticed Pikel
  7693 | D:7      | Reached XP level 9. HP: 68/68 MP: 11/11
  7954 | D:7      | Killed Pikel
  7955 | D:7      | Reached skill level 12 in Unarmed Combat
  8418 | D:8      | Found a transporter.
  8419 | D:8      | Noticed a green ugly thing
  8420 | D:8      | Noticed a brown ugly thing
  8430 | D:8      | Noticed a purple ugly thing
  8436 | D:8      | Noticed a green ugly thing
  8814 | D:8      | Reached skill level 13 in Unarmed Combat
  9544 | D:8      | Found a transporter.
  9675 | D:9      | Found Uppam's Jewellery Boutique.
 10026 | D:9      | Noticed a gargoyle
 10028 | D:9      | Noticed a gargoyle
 10040 | D:9      | Killed a gargoyle
 10041 | D:9      | Reached XP level 10. HP: 78/78 MP: 13/13
 10528 | D:9      | Noticed a cyclops
 10624 | D:10     | Entered Level 10 of the Dungeon
 10624 | D:10     | Found a flagged portal.
 10702 | Bailey   | Entered a bailey
 11084 | Bailey   | Noticed an orc knight
 11439 | Bailey   | Killed an orc knight
 11440 | Bailey   | Reached skill level 5 in Fighting
 11440 | Bailey   | Reached skill level 14 in Unarmed Combat
 11856 | D:2      | Bought the +2 chain mail of the Onion {+Blink Regen+} for
                  | 399 gold pieces
 12050 | D:9      | Found a staircase to the Orcish Mines.
 12069 | D:9      | Noticed Psyche
 12117 | D:8      | Killed a cyclops
 12190 | D:9      | Noticed Prince Ribbit
 12502 | D:9      | Killed Psyche
 12729 | D:9      | Noticed a two-headed ogre
 12783 | D:8      | Killed a two-headed ogre
 12835 | D:9      | Killed Prince Ribbit
 12933 | D:9      | Reached skill level 15 in Unarmed Combat
 12933 | D:9      | Reached XP level 11. HP: 43/89 MP: 14/14
 13000 | D:9      | Noticed an angel
 13381 | D:10     | Found a staircase to the Lair.
 13607 | Lair:1   | Entered Level 1 of the Lair of Beasts
 14460 | Lair:1   | Reached skill level 16 in Unarmed Combat
 14895 | Lair:2   | Noticed a six-headed hydra
 14899 | Lair:2   | HP: 3/94 [six-headed hydra (13)]
 14899 | Lair:2   | Mangled by a six-headed hydra

Illustrated notes

Levels and vault maps discovered:
D:1:      eino_arrival_cavern_b, layout_rooms, ebering_ecumenical_altar_box,
          chequers_serial_rivers_micro_d, chequers_serial_rivers_large_a
D:2:      layout_loops_corners, serial_shops, nicolae_lakefront_shop
D:3:      layout_loops_ring, mainiacjoe_overflow_catwalk_spiral,
          lemuel_tele_altar, uniq_robin, uniq_crazy_yiuf_cottage
D:4:      layout_rooms
D:5:      layout_loops_corners, old_standard_altar, minmay_increasing_density
D:6:      layout_cave_pods, hangedman_abyss_or_decor_stabs
D:7:      layout_cave_pods, minmay_temple_entry_waves, uniq_menkaure, uniq_pikel
D:8:      gammafunk_corrupted_shrine, layout_basic, kennysheep_generic_room_12
D:9:      cheibrodos_statue_roulette, layout_long_grid, zin_angel, erik_orc_3,
          serial_shops, shop, minmay_fractal_squares_gapless_5, uniq_psyche,
          uniq_prince_ribbit1
D:10:     layout_long_grid, david_lair_shrubbed, enter_bailey_2,
          nicolae_fountain_basement
Lair:1:   layout_long_grid
Lair:2:   layout_regular_city, hellmonk_spider_entry_not_the_bees,
          pdpol_lair_cabin_in_the_woods, grunt_megastairs_1,
          infiniplex_staircase_pool_2, serial_bayou_shore_a

Skill      XL: |  1  2  3  4  5  6  7  8  9 10 11 |
---------------+----------------------------------+-----
Unarmed Combat | 2 3 4 5 6 7 9 11 13 15 16 | 16.3
Fighting       | 4 6 8 |  8.0
Dodging        | |  1.7
Stealth        | |  4.5

Action                     |  1- 3 |  4- 6 |  7- 9 | 10-12 || total
---------------------------+-------+-------+-------+-------++-------
  Melee: Unarmed           |    74 |   173 |   312 |   456 ||  1015
         Punch             |     2 |     7 |    21 |    44 ||    74
         Dagger            |    29 |    72 |    56 |     3 ||   160
   Fire: Sling             |    17 |       |       |       ||    17
  Throw: Javelin           |     4 |    20 |    23 |       ||    47
         Dart              |       |       |    12 |    14 ||    26
         Boomerang         |       |       |    27 |    46 ||    73
         Throwing net      |       |       |     1 |       ||     1
  Evoke: Wand              |     2 |       |     8 |     2 ||    12
    Use: Scroll            |     8 |     1 |     3 |     5 ||    17
         Potion            |     1 |     6 |     1 |     4 ||    12
   Stab: Sleeping          |     8 |     7 |       |       ||    15
         Distracted        |       |     1 |       |       ||     1
         Held in net/web   |       |       |     2 |       ||     2
 Armour: Leather armour    |    20 |    36 |       |       ||    56
         Skin              |       |     8 |       |     2 ||    10
         Chain mail        |       |     7 |   136 |   179 ||   322
  Dodge: Dodged            |    44 |   105 |   109 |   178 ||   436

Table legend: (Time is in decaauts)
 A = Elapsed time spent in this place.
 B = Non-inter-level travel time spent in this place.
 C = Inter-level travel time spent in this place.
 D = Time resting spent in this place.
 E = Time spent auto-exploring this place.
 F = Levels seen in this place.
 G = Mean time per level.
                   A        B        C        D        E       F      G
               +--------+--------+--------+--------+--------+-----+--------+
         Total |  14736 |  13692 |   1044 |   2379 |   7087 |  13 | 1133.5 |
       Dungeon |  12676 |  11639 |   1037 |   1848 |   6262 |  10 | 1267.6 |
          Lair |   1176 |   1169 |      7 |    103 |    729 |   2 |  588.0 |
        Bailey |    883 |    883 |      0 |    428 |     96 |   1 |  883.0 |
               +--------+--------+--------+--------+--------+-----+--------+

Top non-repeatable levels by time:
     D:7: 1850 daAuts
     D:5: 1847 daAuts
     D:9: 1781 daAuts
     D:8: 1367 daAuts
     D:6: 1307 daAuts
     D:3: 1264 daAuts
     D:2: 1098 daAuts
  Lair:1: 892 daAuts
  Bailey: 883 daAuts
     D:4: 747 daAuts
    D:10: 731 daAuts
     D:1: 681 daAuts
  Lair:2: 284 daAuts
